cohdb
Replays
Latest Replays
All Replays
Popular Replays
Top Player Replays
Match Explorer
How It Works
Community
CoH3 Stats
Reddit
Sign in to upload your games and track your stats! →
Sign in with Steam
Keep calm and comeback from early flame/250
Match 35158712
Overview
Messages
Build Orders
End
Panzergrenadier Squad
250 Light Carrier
Panzergrenadier Squad
Panzergrenadier Squad
Construct Light Support Kompanie
Combat Half-tracks
Fire Support Elements
Selects Armored Support Battlegroup
Selects Superior Fire Drills
Flakvierling Half-track
Panzerjäger Mechanized Group
Veteran Squad Leaders
Vehicle Survival Package
2.5-tonne Medical Truck
Construct Panzerarmee Kommand
Selects Flammpanzer III Medium Tank
Selects Flammpanzer III Medium Tank
Panzer III L Medium Tank
Panzer III L Medium Tank
Emergency Repair Kits
Armored Reserves
Selects Salvage Kits
Selects Panzer Storm
Selects Stuka Anti-tank Loiter
Tiger Heavy Tank
Panzer III L Medium Tank
Panzer III L Medium Tank
Stuka Anti-tank Loiter
Panzer IV Assault Group
咸阳肉夹馍凉皮冰峰
MasterStef
0
0
Comments
sign in to comment!
No comments posted yet!